 Dungeon Crawl Stone Soup version 0.29.1-2-gbd0b4ee654 (webtiles) character file.

Game seed: 2440805074682666547

11077 Godmorgon the Basher (level 12, -7/96 HPs)
             Began as a Formicid Abyssal Knight on Oct 27, 2022.
             Was a High Priest of Lugonu.
             Mangled by a cane toad (11 damage)
             ... on level 1 of the Lair of Beasts.
             The game lasted 01:08:44 (14142 turns).

Godmorgon the Basher (Formicid Abyssal Knight)     Turns: 14142, Time: 01:08:45

Health: -7/96      AC: 14    Str: 23    XL:     12   Next: 3%
Magic:  19/19      EV: 10    Int: 10    God:    Lugonu [*****.]
Gold:   473        SH:  5    Dex: 14    Spells: 11/11 levels left

rFire   . . .      SeeInvis +   a - +2 trident (distort)
rCold   . . .      Faith    .   I - +0 buckler
rNeg    . . .      Spirit   .   U - +2 plate armour {Will+}
rPois   +          Reflect  .   (helmet unavailable)
rElec   .          Harm     .   (no cloak)
rCorr   .          Rampage  .   (no gloves)
Will    ++...                   F - +0 pair of boots
Stlth   ..........              (no amulet)
HPRegen 0.26/turn               g - +4 ring of evasion
MPRegen 0.16/turn               l - ring of poison resistance

@: lethally poisoned (-7 -> -25)
A: permanent stasis, dig shafts and tunnels, antennae 3, four strong arms
a: Dig, Shaft Self, Renounce Religion, Depart the Abyss, Bend Space, Banish,
Corrupt, Enter the Abyss


You were on level 1 of the Lair of Beasts.
You worshipped Lugonu.
Lugonu was extremely pleased with you.
You visited 2 branches of the dungeon, and saw 10 of its levels.
You visited the Abyss 2 times.
You also visited: Bailey.

You collected 473 gold pieces.

Inventory:

Hand Weapons
 a - a +2 trident of distortion (weapon)
 b - the +5 spear "Erupher" {antimagic, Str+3 Int+4}
   (You found it on level 4 of the Dungeon)

   It reduces the magical energy of the wielder, and disrupts the spells and
   magical abilities of those it strikes.
   Natural abilities and divine invocations are not affected.
   Str:       It affects your strength (+3).
   Int:       It affects your intelligence (+4).
 O - a +0 sling
 T - a +0 whip of electrocution
Missiles
 e - 28 poisoned darts
 f - 7 atropa-tipped darts
 p - 9 boomerangs (quivered)
 D - 5 curare-tipped darts
Armour
 F - a +0 pair of boots (worn)
 I - a +0 buckler (worn)
 U - a +2 plate armour of willpower (worn)
Magical Staves
 K - a staff of fire
Jewellery
 g - a +4 ring of evasion (left hand)
 l - a ring of poison resistance (right hand)
 n - a ring of positive energy
 L - a ring of ice
 Q - a +4 ring of protection
 R - a ring of flight
Wands
 j - a wand of polymorph (12)
 u - a wand of iceblast (10)
 S - a wand of flame (21)
Scrolls
 c - 3 scrolls of brand weapon
 d - 2 scrolls of poison
 i - 2 scrolls of immolation {unknown}
 o - 2 scrolls of enchant weapon {unknown}
 r - a scroll of silence
 t - a scroll of magic mapping
 w - 4 scrolls of vulnerability
 y - a scroll of torment
 z - 2 scrolls of amnesia {unknown}
 B - a scroll of fog
 Y - a scroll of identify
Potions
 h - 3 potions of curing
 k - a potion of invisibility
 m - a potion of lignification {unknown}
 q - a potion of experience {unknown}
 s - 2 potions of might {unknown}
 x - a potion of heal wounds
 A - 3 potions of attraction
 C - a potion of berserk rage {unknown}
 E - 2 potions of cancellation {unknown}
 G - a potion of flight {unknown}
 H - a potion of degeneration {unknown}
 M - a potion of brilliance {unknown}
 P - a potion of resistance {unknown}
Miscellaneous
 W - a box of beasts


   Skills:
 + Level 9.6 Fighting
 * Level 11.8 Maces & Flails
 - Level 6.0 Throwing
 + Level 3.7 Armour
 - Level 0.8 Dodging
 - Level 5.0 Shields
 + Level 10.4 Invocations


You had 11 spell levels left.
You didn't know any spells.
Your spell library was empty.

Dungeon Overview and Level Annotations

Branches:
Dungeon (9/15)             Temple (0/1) D:4            Lair (1/5) D:8
    Orc (0/2) D:9          Bailey (visited)

Altars:
Ashenzari
Dithmenos
Gozag
Hepliaklqana
Kikubaaqudgha
Sif Muna
Trog
Vehumet
Wu Jian
Xom
The Shining One

Shops:
D:6 *   D:9 (

Annotations:
D:9 1 runed translucent door, Arctor's ghost, novice MiFi


Innate Abilities, Weirdness & Mutations

You cannot be hasted, slowed, berserked, paralysed or teleported.
You can dig through walls and to a lower floor.
You have a pair of large antennae on your head. (SInv)
Your four strong arms can wield two-handed weapons with a shield.


Message History

The boomerang barely misses the cane toad.
Throw: 9 boomerangs
Press: ? - help, Q - select action, (/) - cycle Shift-Dir - straight line, f/p - cane toad
Aim: a cane toad (69% to hit)
Okay, then.
Unknown command.
You closely miss the cane toad. You block the cane toad's attack.
You closely miss the cane toad. The cane toad stings you!
The cane toad stings you.
You puncture the cane toad!
The cane toad is moderately wounded.
The cane toad blinks!
Throw: 9 boomerangs
Press: ? - help, Q - select action, (/) - cycle Shift-Dir - straight line, f/p - cane toad
Aim: a cane toad (moderately wounded, 69% to hit)
You throw a boomerang.
The boomerang barely misses the cane toad.
You hit the cane toad but do no damage.
Space warps around the cane toad.
The cane toad is moderately wounded.
You block the cane toad's attack.
You puncture the cane toad!
The cane toad is heavily wounded.
The cane toad stings you!
You are poisoned.
The cane toad poisons you! The cane toad stings you!
You are lethally poisoned!
The cane toad poisons you!
You hit the cane toad but do no damage.
Space warps around the cane toad.
The cane toad is heavily wounded.
* * * LOW HITPOINT WARNING * * *
You feel extremely sick.
The cane toad stings you but does no damage.
You puncture the cane toad!
Space warps around the cane toad.
The cane toad is almost dead.
* * * LOW HITPOINT WARNING * * *
You feel extremely sick. The cane toad stings you!
* * * LOW HITPOINT WARNING * * *
The cane toad stings you!
You die...

#........ ##'#.....
###.8..... ###.....#.#.
#.#.......## #######
###.........# .......
####............
.......###P#....#....#...
........@F.....###.8.###.
.......####...###.....###
....... #...# #.....# #
....... #>.8# #..>..# #
....... #...# #......##
##...#. ##..# #...####
#..... #...###.8.###.
...... ...........#..
..#...........


You could see a cane toad.

Vanquished Creatures
  Harold (D:9)
  Erolcha (D:9)
  A death yak (D:8)
  2 orc knights (Bailey)
  Pikel (D:5)
  A black mamba (Lair:1)
  A torpor snail (D:8)
  A cane toad (D:8)
  Maggie (D:8)
  2 komodo dragons (D:8)
  A hornet (D:9)
  Prince Ribbit (D:5)
  7 yaks (D:9)
  A wyvern (D:7)
  A basilisk (D:8)
  An acid dragon (D:8)
  2 water moccasins
  2 ice beasts (D:6)
  An orc warrior (Bailey)
  3 sky beasts
  3 black bears
  4 wolves
  A centaur (D:6)
  5 kobold brigands
  2 lemures (D:5)
  A phantom (D:6)
  5 bullfrogs
  3 scorpions
  5 gnoll sergeants
  4 howler monkeys
  4 orc priests
  11 hounds
  3 gnoll boudas
  4 iguanas
  4 orc wizards
  27 gnolls
  6 adders
  A shadow imp (D:4)
  A white imp (D:8)
  An ufetubus (D:4)
  A worm (D:4)
  14 orcs
  4 bats
  5 endoplasms
  A giant cockroach (D:2)
  7 goblins
  4 hobgoblins
  8 jackals
  13 kobolds
  2 quokkas (D:1)
  10 ball pythons
  8 frilled lizards
  6 rats
210 creatures vanquished.

Vanquished Creatures (others)
  25 plants
25 creatures vanquished.

Grand Total: 235 creatures vanquished

Notes
Turn   | Place    | Note
-------+----------+-------------------------------------------
     0 | Abyss:1  | Godmorgon the Formicid Abyssal Knight began the quest for
                  | the Orb.
     0 | Abyss:1  | Reached XP level 1. HP: 18/18 MP: 2/2
     1 | D:1      | Escaped the Abyss
   101 | D:1      | Reached XP level 2. HP: 22/24 MP: 3/3
   341 | D:1      | Reached skill level 1 in Throwing
   454 | D:1      | Reached XP level 3. HP: 27/29 MP: 4/4
   795 | D:2      | Reached *** piety under Lugonu
   912 | D:2      | Found a faded altar of an unknown god.
  1236 | D:3      | Found an ancient bone altar of Kikubaaqudgha.
  1407 | D:3      | Found a hazy altar of Hepliaklqana.
  1738 | D:3      | Noticed a scorpion
  1745 | D:3      | Killed a scorpion
  1746 | D:3      | Reached skill level 3 in Maces & Flails
  1746 | D:3      | Reached XP level 4. HP: 19/37 MP: 6/6
  1746 | D:3      | Reached XP level 5. HP: 22/42 MP: 7/7
  2223 | D:4      | Noticed a sky beast
  2274 | D:4      | Noticed a black bear
  2285 | D:3      | Killed a black bear
  2286 | D:3      | Reached XP level 6. HP: 22/48 MP: 8/8
  2518 | D:4      | Reached skill level 4 in Maces & Flails
  2546 | D:4      | Noticed a black bear
  2551 | D:4      | Killed a black bear
  2552 | D:4      | Reached XP level 7. HP: 55/55 MP: 9/9
  2570 | D:4      | Found a staircase to the Ecumenical Temple.
  2724 | D:4      | Found a shimmering blue altar of Sif Muna.
  2780 | D:4      | Reached **** piety under Lugonu
  3083 | D:4      | Identified the +5 spear "Erupher" {antimagic, Str+3 Int+4}
  3537 | D:5      | Entered Level 5 of the Dungeon
  3554 | D:5      | Found a glowing golden altar of the Shining One.
  3555 | D:5      | Noticed Prince Ribbit
  3938 | D:5      | Noticed Pikel
  3974 | D:4      | Reached skill level 5 in Maces & Flails
  4301 | D:5      | Reached XP level 8. HP: 53/54 MP: 3/11
  4573 | D:5      | Found a shadowy altar of Dithmenos.
  4581 | D:5      | Killed Prince Ribbit
  4582 | D:5      | Reached skill level 5 in Fighting
  4582 | D:5      | Reached skill level 5 in Throwing
  5003 | D:5      | Killed Pikel
  5004 | D:5      | Reached skill level 6 in Maces & Flails
  5004 | D:5      | Reached skill level 5 in Invocations
  5004 | D:5      | Reached XP level 9. HP: 15/69 MP: 3/13
  5567 | D:6      | Found Mopror's Overcharged Wands.
  5979 | D:6      | Reached skill level 7 in Maces & Flails
  6995 | D:6      | Found an opulent altar of Gozag.
  7040 | D:6      | Reached skill level 8 in Maces & Flails
  7048 | D:6      | Reached ***** piety under Lugonu
  8183 | D:6      | Reached XP level 10. HP: 62/79 MP: 15/15
  8917 | D:7      | Reached skill level 9 in Maces & Flails
  9747 | D:8      | Noticed Maggie
  9779 | D:8      | Killed Maggie
  9986 | D:8      | Noticed a komodo dragon
 10006 | D:8      | Killed a komodo dragon
 10090 | D:8      | Found a staircase to the Lair.
 10131 | D:8      | Found a broken altar of Ashenzari.
 10309 | D:8      | Found a shimmering altar of Xom.
 10666 | D:9      | Noticed Erolcha
 10707 | D:9      | Reached skill level 1 in Shields
 10721 | D:9      | Reached skill level 10 in Maces & Flails
 10766 | D:9      | Found a flagged portal.
 10878 | Bailey   | Entered a bailey
 10983 | Bailey   | Noticed an orc knight
 11019 | Bailey   | Killed an orc knight
 11020 | Bailey   | Reached XP level 11. HP: 58/87 MP: 17/17
 11076 | Bailey   | Noticed an orc knight
 11101 | Bailey   | Killed an orc knight
 11368 | Bailey   | Found an iron altar of Okawaru.
 11527 | D:9      | Found Vaso's Antique Weapon Shoppe.
 11579 | D:9      | Noticed Harold
 11614 | D:9      | Killed Harold
 11615 | D:9      | Reached skill level 5 in Shields
 11835 | Abyss:2  | Cast into level 2 of the Abyss (Erolcha)
 11836 | D:9      | Escaped the Abyss
 11854 | D:9      | Killed Erolcha
 11855 | D:9      | Reached skill level 11 in Maces & Flails
 12364 | D:9      | Found a radiant altar of Vehumet.
 12391 | D:9      | Found an ornate altar of the Wu Jian Council.
 12400 | D:9      | Found a bloodstained altar of Trog.
 12708 | D:9      | Found a staircase to the Orcish Mines.
 12762 | D:9      | Found a runed translucent door.
 12763 | D:9      | Noticed Arctor's ghost (novice MiFi)
 13000 | Lair:1   | Entered Level 1 of the Lair of Beasts
 13018 | D:8      | Reached skill level 10 in Invocations
 13338 | Lair:1   | Noticed a death yak
 13363 | D:8      | Killed a death yak
 14002 | Lair:1   | Reached XP level 12. HP: 84/96 MP: 19/19
 14142 | Lair:1   | HP: 4/96 [cane toad (11)]
 14142 | Lair:1   | Mangled by a cane toad

Illustrated notes

Levels and vault maps discovered:
D:1:      dpeg_arrival_erosion, layout_basic
D:2:      layout_rooms, basic_ecumenical_altar
D:3:      layout_loops_ring, lemuel_round_altar,
          mainiacjoe_overflow_concentric_impassable, minmay_splitting_lines
D:4:      layout_rooms, mainiacjoe_overflow_boulevard, temple_fountains,
          dk_noncrumbling_3, roderic_serpentine_path
D:5:      layout_loops_ring, grunt_dithmenos_smoke_and_mirrors,
          lemuel_crystal_altar, kennysheep_generic_room_9, uniq_prince_ribbit1,
          uniq_pikel
D:6:      layout_cave_pools, lemuel_doored_altar, serial_gnoll_camp,
          gnoll_camp_mini_doghouse, gnoll_camp_mini_loothouse,
          gnoll_camp_mini_house, gnoll_camp_huts_basic, gnoll_camp_mini_basic,
          gnoll_camp_mini_hut, minivault_27, nicolae_shop_overcharged_wands
D:7:      layout_basic
D:8:      layout_rooms, kennysheep_mini, mainiacjoe_overflow_small_starburst,
          david_lair_shrubbed, minmay_tree_intersection, uniq_maggie
D:9:      layout_loops_ring, lightli_temple_of_fire, mainiacjoe_overflow_paths,
          pf_just_have_faith, orc_0_dummy, serial_shops, shop, enter_bailey_6,
          gammafunk_ghost_grave, uniq_harold, uniq_erolcha
Lair:1:   layout_gridlike, serial_bayou_shore_b, grunt_megastairs_5,
          lemuel_fruit_tree

Skill      XL: |  1  2  3  4  5  6  7  8  9 10 11 |
---------------+----------------------------------+-----
Throwing       | 1 2 3 4 5 6 |  6.0
Maces & Flails | 3 4 5 6 8 10 11 | 11.8
Invocations    | 3 4 5 7 8 10 | 10.4
Fighting       | 4 5 7 8 9 |  9.6
Shields        | 3 5 |  5.0
Armour         | 3 |  3.7
Dodging        | |  0.8

Action                   |  1- 3 |  4- 6 |  7- 9 | 10-12 || total
-------------------------+-------+-------+-------+-------++-------
Melee: Mace              |    84 |    37 |    17 |       ||   138
       Spear             |       |       |   232 |       ||   232
       Flail             |       |       |    27 |       ||    27
       Punch             |       |       |     6 |       ||     6
       Trident           |       |       |    81 |   352 ||   433
 Fire: Sling             |     4 |       |       |       ||     4
Throw: Dart              |     2 |     8 |    40 |    82 ||   132
       Boomerang         |       |     2 |     1 |     5 ||     8
Invok: Depart the Abyss  |       |       |       |     1 ||     1
 Abil: Dig               |       |       |     1 |     1 ||     2
Evoke: Wand              |       |       |     2 |     3 ||     5
  Use: Potion            |       |       |     2 |     2 ||     4
       Scroll            |       |       |       |    14 ||    14
 Stab: Invisible         |       |       |       |     1 ||     1
Armor: Leather armour    |    20 |       |       |       ||    20
       Scale mail        |     6 |    10 |    12 |       ||    28
       Chain mail        |       |       |    99 |    82 ||   181
       Plate armour      |       |       |       |    77 ||    77
Dodge: Dodged            |    54 |    32 |   276 |   151 ||   513
Block: Buckler           |       |       |       |    44 ||    44
